Match 45531165
Unlisted

Match 45531165
End
Pioneer Squad
Construct Infanterie Kompanie
MG 42 Machine Gun Team
Selects Mechanized Battlegroup
Grenadier Squad
Grenadier Squad
Construct Luftwaffe Kompanie
Selects Mobile Repair Stations
221 Scout Car
Selects Wespe Self-propelled Artillery
Jäger Squad
Wespe Self-propelled Artillery
221 Scout Car
Luftwaffe Officer Quarters
Flak 30 Anti-aircraft Gun Team
Wespe Self-propelled Artillery
MG 42 Machine Gun Team
Selects Raid Package
Pioneer Squad
Wespe Self-propelled Artillery
Selects StuG Assault Group
Selects UNKNOWN (2160084)
Jäger Squad
Construct Panzer Kompanie
Boneless
Грибобас
Atrol
BaconXL
LeaveANegativeComment
TheMallis
Shamtu™ ☆☆ Bimberek
Siskin
0
0

Comments sign in to comment!

No comments posted yet!